 Dungeon Crawl Stone Soup version 0.27.1-34-g3ba077fa99 (webtiles) character file.

Game seed: 17323847386482032056

5 cbfl8 the Sneak (level 1, -5/20 HPs)
             Began as a Minotaur Delver on Jan 27, 2022.
             Killed by divine providence
             ... invoked by an orc priest
              (14 damage)
             ... on level 5 of the Dungeon.
             The game lasted 00:00:20 (87 turns).

cbfl8 the Sneak (Minotaur Delver)                     Turns: 87, Time: 00:00:20

Health: -5/20      AC:  6    Str: 16    XL:     1   Next: 66%
Magic:  0/0        EV:  9    Int:  7    God:
Gold:   13         SH:  0    Dex: 11    Spells: 0/0 levels left

rFire    . . .     SeeInvis .   a - +0 hand axe
rCold    . . .     Faith    .   (no shield)
rNeg     . . .     Spirit   .   h - +0 scale mail
rPois    .         Reflect  .   (helmet restricted)
rElec    .         Harm     .   (no cloak)
rCorr    .         Rampage  .   (no gloves)
Will     .....                  (no boots)
Stlth    +.........             (no amulet)
HPRegen  0.06/turn              (no ring)
MPRegen  0.07/turn              (no ring)

@: hasted, very quick
A: horns 2, retaliatory headbutt
a: no special abilities


You were on level 5 of the Dungeon.
You visited 1 branch of the dungeon, and saw 1 of its levels.

You collected 13 gold pieces.

Inventory:

Hand Weapons
 a - a +0 hand axe (weapon)
Armour
 b - a +0 leather armour
 h - a +0 scale mail (worn)
Wands
 g - a wand of digging (3)
Scrolls
 c - a scroll of fog
 d - a scroll of magic mapping
 e - a scroll of fear


   Skills:
 + Level 3.7 Fighting
 + Level 2.4 Axes
 + Level 2.2 Dodging
 + Level 4.3 Stealth


You couldn't memorise any spells.
You didn't know any spells.
Your spell library was empty.

Dungeon Overview and Level Annotations

Branches:
Dungeon (5/15)
 Temple: D:4-7

Altars:


Innate Abilities, Weirdness & Mutations

You have a pair of horns on your head.
You reflexively headbutt those who attack you in melee.


Message History

h - a +0 scale mail You now have 13 gold pieces.
You start removing your armour.
You continue taking off your +0 leather armour. x4
You finish taking off your +0 leather armour.
You start putting on your armour.
You continue putting on your +0 scale mail. x5
You finish putting on your +0 scale mail.
An orc and an ufetubus come into view.
The ufetubus moves out of view.
An orc priest comes into view. It is wielding a +0 club.
The orc priest shouts!
You hear an angry hiss.
The orc priest casts a cantrip, but nothing happens.
An iguana comes into view.
The iguana hisses angrily.
You hear a shout! 2 orcs come into view.
The orc shouts!
An adder comes into view.
The ufetubus barely misses you. You furiously retaliate!
You headbutt the ufetubus!
You kill the ufetubus!
The orc moves out of view.
The orc priest invokes the aid of Beogh against you.
Beogh smites you!
Ouch! That really hurt!
A hound zombie comes into view.
A water moccasin skeleton comes into view.
The orc hits you but does no damage.
The orc priest looks encouraged for a moment.
The orc hits you with a +0 dagger.
The orc priest looks braver for a moment.
You feel yourself speed up. The orc closely misses you.
The orc priest looks encouraged for a moment.
The orc hits you but does no damage. The adder bites you but does no damage.
The water moccasin skeleton barely misses you.
The orc priest mumbles some strange prayers to Beogh against you.
Beogh smites you!
Ouch! That really hurt!
You die...

####.# ##.####### ##
##.##.###...##.#.####.
#..#................#.
#...............o.....
##.####.......o....#o.#
#....##......o.....####
###.....lo.....o.....#. #
#........S.Z.............
##......@Z...............
#.......#..........[....
####.<....##....>..#......
#.........#.......##
#..........#....#..#
##.............####...
##....>......## #...
#..........## ....
##..........# ...


You could see an iguana, an orc priest, an adder, 2 orcs, a hound zombie and a
water moccasin skeleton.

Vanquished Creatures
  An ufetubus (D:5)
1 creature vanquished.

Notes
Turn   | Place    | Note
-------+----------+-------------------------------------------
     0 | D:5      | cbfl8 the Minotaur Delver began the quest for the Orb.
     0 | D:5      | Reached XP level 1. HP: 19/19 MP: 0/0
    59 | D:5      | Noticed an orc priest
    60 | D:5      | Noticed an iguana
    87 | D:5      | Killed from afar by an orc priest

Illustrated notes

Levels and vault maps discovered:
D:5:      layout_cave_pools, uniq_crazy_yiuf_cottage

Action                   || total
-------------------------++-------
  Use: Potion            ||     1
Armor: Scale mail        ||     3
Dodge: Dodged            ||     3
